 Dungeon Crawl Stone Soup version 0.29.1-15-g9cfb28693d (webtiles) character file.

Game seed: 4411002469328805627

985 Sanktem7 the Trooper (level 7, -1/67 HPs)
             Began as a Minotaur Fighter on Mar 4, 2023.
             Was a Follower of Okawaru.
             Slain by a gnoll
             ... wielding a +0 halberd
             ... led by a gnoll sergeant
              (7 damage)
             ... on level 7 of the Dungeon.
             The game lasted 00:08:37 (3680 turns).

Sanktem7 the Trooper (Minotaur Fighter)             Turns: 3680, Time: 00:08:38

Health: -1/67      AC: 13    Str: 23    XL:     7   Next: 97%
Magic:  6/6        EV:  7    Int:  5    God:    Okawaru [*.....]
Gold:   221        SH:  4    Dex:  9    Spells: 6/6 levels left

rFire   . . .      SeeInvis .   a - +2 war axe {axe}
rCold   . . .      Faith    .   c - +0 buckler
rNeg    . . .      Spirit   .   t - +0 chain mail
rPois   .          Reflect  .   (helmet restricted)
rElec   .          Harm     .   (no cloak)
rCorr   .          Rampage  .   u - +2 pair of gloves
Will    .....                   (no boots)
Stlth   ..........              j - amulet of regeneration {@e2}
HPRegen 1.01/turn               (no ring)
MPRegen 0.10/turn               (no ring)

@: no status effects
A: horns 2, retaliatory headbutt
a: Renounce Religion, Heroism


You were on level 7 of the Dungeon.
You worshipped Okawaru.
Okawaru was aware of your devotion.
You visited 2 branches of the dungeon, and saw 7 of its levels.

You collected 221 gold pieces.


Innate Abilities, Weirdness & Mutations

You have a pair of horns on your head.
You reflexively headbutt those who attack you in melee.


   Skills:
 * Level 7.9 Fighting
 * Level 7.4 Axes
 - Level 6.0 Armour
 - Level 3.6 Shields


You had 6 spell levels left.
You didn't know any spells.
Your spell library contained the following spells:

 Spells                   Type           Power      Damage    Failure   Level
 Beastly Appendage        Tmut           0%         N/A       99%         1
 Ensorcelled Hibernation  Hex/Ice        0%         N/A       100%        2
 Passwall                 Tmut/Erth      0%         N/A       100%        2
 Wereblood                Tmut           0%         N/A       100%        2
 Spider Form              Tmut/Pois      0%         N/A       100%        3
 Swiftness                Air            0%         N/A       100%        3
 Summon Ice Beast         Ice/Summ       Unusable   N/A       N/A         4
 Summon Mana Viper        Hex/Summ       Unusable   N/A       N/A         5
 Monstrous Menagerie      Summ           Unusable   N/A       N/A         7

Inventory:

Hand Weapons
 a - a +2 war axe (weapon) {axe}
Missiles
 b - 2 boomerangs (quivered) {throwing}
 e - 18 poisoned darts {throwing}
 k - 6 javelins {throwing}
 q - 43 stones {throwing}
 y - 4 curare-tipped darts {=fthrowing}
Armour
 c - a +0 buckler (worn)
 t - a +0 chain mail (worn)
   (You found it on level 2 of the Dungeon)
 u - a +2 pair of gloves (worn)
   (You found it on level 3 of the Dungeon)
Jewellery
 j - an amulet of regeneration (around neck) {@e2}
   (You found it on level 1 of the Dungeon)
Wands
 p - a wand of charming (15)
   (You found it on level 2 of the Dungeon)
 w - a wand of flame (20)
   (You found it on level 3 of the Dungeon)
Scrolls
 g - a scroll of teleportation {@r4}
 n - a scroll of noise {!r}
 B - a scroll of torment {!r}
Potions
 d - a potion of might
 h - a potion of haste {@q3}
 i - a potion of degeneration {!q@e2}
 l - a potion of ambrosia {unknown}
 o - 2 potions of attraction {!q}
 r - 2 potions of berserk rage {!q}
 s - 2 potions of curing {@q1}
 v - a potion of mutation {unknown}

Dungeon Overview and Level Annotations

Branches:
Dungeon (5/15) Zot: 26891  Temple (1/1) D:4 Zot: 5801

Altars:
Ashenzari
Elyvilon
Fedhas
Gozag
Hepliaklqana
Kikubaaqudgha
Nemelex Xobeh
Okawaru
Qazlal
Ru
Uskayaw
Vehumet
Wu Jian
Xom
Yredelemnul
The Shining One

Shops:
D:3 ( D:5

* .).....[# .#
##.###### .## #.# ..
#<# # ##.# ##'## #.
#..# # #[..##
#.###.##.# .....##
#....)...# >.....##
###.#g######
.......####....)@g..#
.......'.......####.#
.......####....#
......## #.(#.#
.....## #.##..#
#...## #.###.# ##+##
#.. .. ### .##


You could see 2 gnolls.


Message History

The gnoll sergeant hits you but does no damage. 😮 HP[-10]
You now have 67 max hp (+1).
You take 10 damage, and now have 49/67 hp.
You are too injured to fight recklessly!
You are too injured to fight recklessly!
You are too injured to fight recklessly!
You are too injured to fight recklessly!
You are too injured to fight recklessly!
You are too injured to fight recklessly!
You are too injured to fight recklessly!
You are too injured to fight recklessly!
You are too injured to fight recklessly!
You are too injured to fight recklessly!
You are too injured to fight recklessly!
You are too injured to fight recklessly!
You are too injured to fight recklessly!
You are too injured to fight recklessly!
You are too injured to fight recklessly!
You are too injured to fight recklessly!
You are too injured to fight recklessly!
You are too injured to fight recklessly!
You are too injured to fight recklessly!
You are too injured to fight recklessly!
You are too injured to fight recklessly!
You are too injured to fight recklessly!
You are too injured to fight recklessly!
You are too injured to fight recklessly!
You are too injured to fight recklessly!
You are too injured to fight recklessly!
You are too injured to fight recklessly!
You are too injured to fight recklessly!
Unknown command.
You hit the gnoll sergeant.
The gnoll hits you from afar with a +0 spear.
The gnoll misses you.
The gnoll sergeant hits you with a +0 trident! 😮 HP[-9]
You take 9 damage, and now have 40/67 hp.
You hit the gnoll sergeant but do no damage.
You headbutt the gnoll sergeant! The gnoll barely misses you.
The gnoll hits you but does no damage.
The gnoll sergeant barely misses you. 😮 HP[+1]
You hit the gnoll sergeant.
You kill the gnoll sergeant!
Okawaru accepts your kill.
The gnoll hits you but does no damage. x2
A gnoll comes into view. It is wielding a +0 halberd. 😮 HP[+2]
You regained 2 hp, and now have 43/67 hp.
The gnoll shouts!
The gnoll hits you with a +0 spear.
Things that are here:
a +0 trident {polearm}; a +0 scale mail; a gnoll corpse You closely miss the gnoll.
The gnoll hits you but does no damage.
The gnoll hits you from afar with a +0 halberd! 😮 HP[-7]
You take 7 damage, and now have 36/67 hp.
You hit the gnoll. You headbutt the gnoll!
You kill the gnoll!
Okawaru accepts your kill. The gnoll barely misses you. 😮 HP[+1]
You slash the gnoll! You headbutt the gnoll.
You kill the gnoll!
Okawaru accepts your kill.
You can now gain great but temporary skills.
You slash the gnoll!
The gnoll is no longer moving quickly.
The gnoll hits you from afar with a +0 halberd!
* * * LOW HITPOINT WARNING * * *
The gnoll closely misses you. The gnoll barely misses you. 😨 HP[-9]
You take 9 damage, and now have 28/67 hp.
The gnoll barely misses you. You furiously retaliate!
You headbutt the gnoll, but do no damage.
The gnoll throws a throwing net.
The throwing net hits you.
You become entangled in the net!
Items here: ( )) ††. 😨 HP[+1]
You struggle against the net.
The gnoll hits you with a +0 halberd!
* * * LOW HITPOINT WARNING * * *
The gnoll hits you from afar with a +0 spear.
* * * LOW HITPOINT WARNING * * *
😱 HP[-14]
You take 14 damage, and now have 15/67 hp.
MASSIVE DAMAGE!! (PAUSE)
You struggle against the net.
The gnoll hits you with a +0 halberd.
* * * LOW HITPOINT WARNING * * *
The gnoll hits you from afar with a +0 spear.
* * * LOW HITPOINT WARNING * * *
😱 HP[-3]
You take 3 damage, and now have 12/67 hp.
You struggle against the net.
The gnoll hits you but does no damage.
The gnoll hits you from afar with a +0 spear!
* * * LOW HITPOINT WARNING * * *
😱 HP[-7]
You take 7 damage, and now have 5/67 hp.
You shred the net and break free! The gnoll hits you with a +0 halberd!
You die...

Skill      XL: |  1  2  3  4  5  6  7 |
---------------+----------------------+-----
Fighting       | 4 5 6 7 |  7.9
Axes           | 3 4 5 6 7 |  7.4
Armour         | 4 5 6 |  6.0
Shields        | |  3.6

Action                   |  1- 3 |  4- 6 |  7- 9 || total
-------------------------+-------+-------+-------++-------
Melee: War axe           |    77 |   143 |    56 ||   276
       Headbutt          |    13 |    25 |    10 ||    48
Throw: Stone             |    10 |       |       ||    10
       Javelin           |     8 |    10 |       ||    18
       Dart              |     9 |       |       ||     9
       Boomerang         |       |     7 |     3 ||    10
  Use: Scroll            |       |     9 |     6 ||    15
Armor: Scale mail        |    48 |       |       ||    48
       Chain mail        |     2 |    99 |    45 ||   146
Dodge: Dodged            |    38 |    52 |    25 ||   115
Block: Buckler           |    19 |    42 |    15 ||    76

Levels and vault maps discovered:
D:1:      dpeg_arrival_long_road, layout_basic, basic_ecumenical_altar
D:2:      layout_rooms, wander_ebering_terrifying_dragon_lair
D:3:      minmay_general_purpose_star, layout_rooms, vehumet_statue,
          serial_shops, nicolae_shop_statue_plus
D:4:      layout_basic, mainiacjoe_overflow_cross_hatched,
          nicolae_yredelemnul_corpse_copse, mainiacjoe_overflow_big_doors,
          minmay_temple_entry_ruins
D:5:      layout_loops_ring, gammafunk_temple_overflow_forgotten, serial_shops,
          nicolae_shop_stone
D:7:      layout_loops_corners, mainiacjoe_overflow_concentric_impassable
Temple:   chequers_temple_sunken

Notes
Turn   | Place    | Note
-------+----------+-------------------------------------------
     0 | D:1      | Sanktem7 the Minotaur Fighter began the quest for the Orb.
     0 | D:1      | Reached XP level 1. HP: 19/19 MP: 0/0
     0 | D:1      | magus.rc [v1.9.6]
   136 | D:1      | Reached XP level 2. HP: 27/27 MP: 1/1
   222 | D:1      | Reached skill level 4 in Fighting
   283 | D:1      | Reached skill level 3 in Axes
   628 | D:1      | Found a faded altar of an unknown god.
   859 | D:1      | Reached XP level 3. HP: 33/33 MP: 2/2
   926 | D:2      | Reached skill level 4 in Armour
  1047 | D:2      | You pick up a book of Beasts and begin reading...
  1047 | D:2      | You add the spells Summon Ice Beast, Summon Mana Viper and
                  | Monstrous Menagerie to your library.
  1577 | D:3      | Found Ponkonka's Antique Weapon Shop.
  1581 | D:3      | Reached XP level 4. HP: 41/41 MP: 3/3
  1668 | D:3      | You pick up a book of Changes and begin reading...
  1668 | D:3      | You add the spells Beastly Appendage, Wereblood and Spider
                  | Form to your library.
  1680 | D:3      | Reached skill level 4 in Axes
  1761 | D:3      | Found a radiant altar of Vehumet.
  1771 | D:3      | Reached skill level 5 in Fighting
  1790 | D:3      | Noticed a charred statue
  1804 | D:3      | Killed a charred statue
  1940 | D:3      | Reached XP level 5. HP: 48/48 MP: 4/4
  2411 | D:4      | Reached skill level 5 in Axes
  2425 | D:4      | Reached XP level 6. HP: 57/57 MP: 5/5
  2437 | D:4      | Reached skill level 6 in Fighting
  2437 | D:4      | Reached skill level 5 in Armour
  2477 | D:4      | Found a staircase to the Ecumenical Temple.
  2483 | Temple   | Entered the Ecumenical Temple
  2678 | D:4      | Found an iron altar of Okawaru.
  2690 | D:4      | Became a worshipper of Warmaster Okawaru
  2839 | D:4      | Found a shimmering altar of Xom.
  2851 | D:4      | Found a glowing golden altar of the Shining One.
  2998 | D:4      | Found a basalt altar of Yredelemnul.
  3018 | D:5      | Entered Level 5 of the Dungeon
  3066 | D:5      | Found Fiaruyphu's General Store.
  3080 | D:5      | Reached skill level 6 in Axes
  3087 | D:5      | Reached XP level 7. HP: 49/64 MP: 6/6
  3181 | D:5      | Found an opulent altar of Gozag.
  3449 | D:5      | Reached skill level 7 in Fighting
  3576 | D:5      | You fall into a shaft and drop 2 floors!
  3608 | D:7      | You pick up a book of Burglary and begin reading...
  3608 | D:7      | You add the spells Passwall, Ensorcelled Hibernation and
                  | Swiftness to your library.
  3614 | D:7      | Found a hide-covered altar of Uskayaw.
  3629 | D:7      | Noticed a steam dragon
  3636 | D:7      | Killed a steam dragon
  3637 | D:7      | Reached skill level 7 in Axes
  3667 | D:7      | Reached skill level 6 in Armour
  3675 | D:7      | Reached * piety under Okawaru
  3677 | D:7      | HP: 15/67 [gnoll/+0 spear[a gnoll bouda] (5)]
  3679 | D:7      | HP: 5/67 [gnoll/+0 spear[a gnoll bouda] (8)]
  3680 | D:7      | Slain by a gnoll

Vanquished Creatures
  A steam dragon (D:7)
  A centaur (D:7)
  A phantom (D:4)
  A kobold brigand (D:5)
  A gnoll sergeant (D:7)
  A scorpion (D:5)
  2 water moccasin zombies (D:4)
  A gnoll bouda (D:7)
  A hound (D:5)
  2 iguanas (D:4)
  A statue (D:3)
  A hound zombie (D:4)
  4 adders
  8 gnolls
  2 white imps
  An ufetubus (D:4)
  2 adder zombies (D:4)
  A worm (D:3)
  2 dart slugs (D:1)
  13 orcs
  8 endoplasms
  4 giant cockroaches
  11 goblins
  9 hobgoblins
  5 jackals
  5 quokkas
  9 ball pythons
  10 bats
  3 frilled lizards
  10 kobolds
  5 rats
126 creatures vanquished.

Vanquished Creatures (others)
  3 plants (D:4)
3 creatures vanquished.

Grand Total: 129 creatures vanquished

Table legend:
 A = Non-vault XP
 B = Vault XP
 C = Vault XP percentage of total XP
 D = Non-vault monster count
 E = Vault monster count
 F = Vault count percentage of total count
                 A         B        C        D         E       F
            +---------+---------+-------+---------+---------+-------
      Total |    1161 |     247 |  17.5 |     112 |      14 |  11.1
            +---------+---------+-------+---------+---------+-------
        D:1 |      41 |       0 |   0.0 |      23 |       0 |   0.0
        D:2 |      53 |       1 |   1.9 |      24 |       1 |   4.0
        D:3 |      96 |      61 |  38.9 |      20 |       8 |  28.6
        D:4 |     228 |     185 |  44.8 |      25 |       5 |  16.7
        D:5 |     293 |       0 |   0.0 |      13 |       0 |   0.0
        D:7 |     450 |       0 |   0.0 |       7 |       0 |   0.0
            +---------+---------+-------+---------+---------+-------

Illustrated notes

Table legend:
 A = Kills in this place as a percentage of kills in entire the game.
 B = Kills by you in this place as a percentage of kills by you in the entire game.
 C = Kills by friends in this place as a percentage of kills by friends in the entire game.
 D = Other kills in this place as a percentage of other kills in the entire game.
 E = Experience gained in this place as a percentage of experience gained in the entire game.
 F = Experience gained in this place divided by the number of levels of this place that you have seen.
                   A       B       C       D       E      F
               +-------+-------+-------+-------+-------+----------------------
         Total | 100.0 | 100.0 |   N/A |   N/A | 100.0 | 201.1
       Dungeon | 100.0 | 100.0 |   N/A |   N/A | 100.0 | 234.7
               +-------+-------+-------+-------+-------+----------------------

Table legend: (Time is in decaauts)
 A = Elapsed time spent in this place.
 B = Non-inter-level travel time spent in this place.
 C = Inter-level travel time spent in this place.
 D = Time resting spent in this place.
 E = Time spent auto-exploring this place.
 F = Levels seen in this place.
 G = Mean time per level.
                   A        B        C        D        E       F      G
               +--------+--------+--------+--------+--------+-----+--------+
         Total |   3824 |   3670 |    154 |      0 |   2871 |   7 |  546.3 |
       Dungeon |   3625 |   3471 |    154 |      0 |   2702 |   6 |  604.2 |
        Temple |    198 |    198 |      0 |      0 |    169 |   1 |  198.0 |
               +--------+--------+--------+--------+--------+-----+--------+

Top non-repeatable levels by time:
     D:1: 937 daAuts
     D:3: 697 daAuts
     D:2: 666 daAuts
     D:4: 646 daAuts
     D:5: 570 daAuts
  Temple: 198 daAuts
     D:7: 107 daAuts
